 Dungeon Crawl Stone Soup version 0.29.1-1-gd02db6906a (webtiles) character file.

Game seed: 2652343176556253563

9111 boopmooplesden the Basher (level 11, -27/94 (97) HPs)
             Began as a Minotaur Fighter on Oct 10, 2022.
             Was a High Priest of Okawaru.
             Annihilated by a two-headed ogre
             ... wielding a +0 giant spiked club
              (33 damage)
             ... on level 10 of the Dungeon.
             The game lasted 00:14:30 (8149 turns).

boopmooplesden the Basher (Minotaur Fighter)        Turns: 8149, Time: 00:14:31

HP:   -27/94 (97)   AC: 16    Str: 21    XL:     11   Next: 18%
MP:   9/11          EV: 11    Int:  5    God:    Okawaru [*****.]
Gold: 501           SH: 13    Dex: 14    Spells: 10/10 levels left

rFire   + + .      SeeInvis +   J - +5 hammer of Odwumpo {flame, rF+ rC+}
rCold   + . .      Faith    .   x - +0 kite shield
rNeg    . . .      Spirit   .   q - +0 chain mail
rPois   .          Reflect  .   (helmet restricted)
rElec   .          Harm     .   (no cloak)
rCorr   .          Rampage  .   u - +1 pair of gloves
Will    .....                   (no boots)
Stlth   +.........              g - amulet of regeneration
HPRegen 1.05/turn               p - ring of Iwiyfing {*Slow rF+ Slay+3 SInv Stlth+}
MPRegen 0.12/turn               (no ring)

@: heroic, lightly drained
A: horns 2, retaliatory headbutt
a: Renounce Religion, Heroism, Finesse, Duel


You were on level 10 of the Dungeon.
You worshipped Okawaru.
Okawaru was extremely pleased with you.
You visited 2 branches of the dungeon, and saw 11 of its levels.

You collected 501 gold pieces.

Inventory:

Hand Weapons
 a - a +0 vorpal flail
 k - a +2 flail of draining
 m - the +7 long sword of Foolhardiness {speed, rPois Will- Int+4 Stlth+}
   (You found it on level 7 of the Dungeon)

   Attacks with this weapon are significantly faster.
   Int:       It affects your intelligence (+4).
   rPois:     It protects you from poison.
   Will:      It decreases your willpower.
   Stlth:     It makes you more stealthy.
 n - a +0 hand axe of draining
 v - the +7 staff of the Meek {protect, meekguard}
   (You found it on level 4 of the Dungeon)

   It grants its wielder temporary protection when it strikes (+7 to AC).
   It provides extra protection to wielders with little health.
 I - a +0 hammer
 J - the +5 hammer of Odwumpo (weapon) {flame, rF+ rC+}
   (You found it on level 7 of the Dungeon)

   It burns those it strikes, dealing additional fire damage.
   rF:        It protects you from fire.
   rC:        It protects you from cold.
Missiles
 s - a throwing net (quivered)
Armour
 c - a +0 buckler
 q - a +0 chain mail (worn)
 u - a +1 pair of gloves (worn)
 x - a +0 kite shield (worn)
 K - a +0 cloak
Jewellery
 g - an amulet of regeneration (around neck)
 p - the ring of Iwiyfing (left hand) {*Slow rF+ Slay+3 SInv Stlth+}
   (You took it off a goblin on level 2 of the Dungeon)

   [ring of see invisible]

   Slay:      It affects your accuracy & damage with ranged weapons and melee
   (+3).
   rF:        It protects you from fire.
   SInv:      It lets you see invisible.
   *Slow:     It may slow you when you take damage.
   Stlth:     It makes you more stealthy.
 r - an amulet of magic regeneration
 z - an amulet of reflection
 E - an amulet of reflection
 L - a ring of protection from cold
 P - a ring of ice
Wands
 f - a wand of quicksilver (9)
 i - a wand of flame (33)
 t - a wand of paralysis (15)
 w - a wand of iceblast (30)
 M - a wand of digging (11)
Scrolls
 y - 4 scrolls of teleportation
 B - 2 scrolls of fear
 C - a scroll of identify
 D - 2 scrolls of vulnerability
 G - 2 scrolls of enchant weapon
 N - 3 scrolls of noise
 O - a scroll of silence
Potions
 b - 3 potions of heal wounds
 d - 5 potions of might
 e - 3 potions of invisibility
 h - a potion of curing {unknown}
 j - 3 potions of brilliance
 l - a potion of cancellation
 o - a potion of magic {unknown}
 A - a potion of mutation {unknown}
 F - 2 potions of ambrosia
 H - a potion of flight


   Skills:
 + Level 9.1(14.1) Fighting
 + Level 12.0(17.0) Maces & Flails
 + Level 11.3(16.3) Armour
 + Level 4.2(9.2) Dodging
 + Level 1.3(6.3) Stealth
 + Level 9.9(14.9) Shields
 + Level 1.5 Invocations


You had 10 spell levels left.
You didn't know any spells.
Your spell library contained the following spells:

 Spells                   Type           Power      Damage    Failure   Level
 Apportation              Tloc           0%         N/A       99%         1
 Necrotise                Necr           0%         1d4       99%         1
 Ozocubu's Armour         Ice            0%         N/A       100%        3
 Vampiric Draining        Necr           0%         2d6       100%        3
 Agony                    Necr           0%         N/A       100%        5
 Metabolic Englaciation   Hex/Ice        0%         N/A       100%        5
 Summon Small Mammal      Summ           Unusable   N/A       N/A         1
 Simulacrum               Ice/Necr       Unusable   N/A       N/A         6

Dungeon Overview and Level Annotations

Branches:
Dungeon (10/15)            Temple (1/1) D:5
   Lair: D:8-11         Orc: D:9-12

Altars:
Ashenzari
Cheibriados
Fedhas
Gozag
Hepliaklqana
Makhleb
Nemelex Xobeh
Okawaru
Qazlal
Trog
Vehumet
Wu Jian
Xom
Zin

Shops:
D:7 *   D:8 ![

Annotations:
D:10 4 transporters, exclusion: oklob plant


Innate Abilities, Weirdness & Mutations

You have a pair of horns on your head.
You reflexively headbutt those who attack you in melee.


Message History

Found a stone staircase leading up.
G - 2 scrolls of enchant weapon (gained 1)
b - 3 potions of heal wounds (gained 1)
You now have 501 gold pieces (gained 16).
You open the door.
There is an open door here.
You open the door.
A two-headed ogre comes into view.
It is wielding a +0 giant spiked club and a +0 giant club.
The two-headed ogre shouts in stereo!
A vampire mosquito comes into view.
There is an open door here.
There are monsters nearby!
Throw: 2 throwing nets
Press: ? - help, Q - select action, (/) - cycle Shift-Dir - straight line, f - two-headed ogre
Aim: a two-headed ogre, wielding a +0 giant spiked club and a +0 giant club (79% to hit)
You throw a throwing net.
The throwing net barely misses the two-headed ogre.
You block the two-headed ogre's attack.
The two-headed ogre hits you with a +0 giant club!
You sock the two-headed ogre! You burn the two-headed ogre.
The two-headed ogre is moderately wounded.
The two-headed ogre hits you with a +0 giant spiked club!!
The two-headed ogre hits you with a +0 giant club!
You hit the two-headed ogre. You burn the two-headed ogre.
The two-headed ogre is heavily wounded.
You sock the two-headed ogre! You burn the two-headed ogre.
The two-headed ogre is severely wounded.
You block the two-headed ogre's attack.
The two-headed ogre hits you with a +0 giant club!!
* * * LOW HITPOINT WARNING * * *
You gain the combat prowess of a mighty hero.
You sock the two-headed ogre! You burn the two-headed ogre.
The two-headed ogre is almost dead.
The two-headed ogre hits you with a +0 giant spiked club!
* * * LOW HITPOINT WARNING * * *
The two-headed ogre barely misses you.
You hit the two-headed ogre. You burn the two-headed ogre.
The two-headed ogre is almost dead.
The two-headed ogre hits you with a +0 giant spiked club!!
You die...

.....# ...........
.....# ..........#
.....# ..........#
.....+ ..........#
.....# ..........#
#'#### ..........# ..#
y.O.......# .##
#######(# #####
#...@O..#
....#########'########
....'.#..............#
....#.'...)..........#
....###..............#
....# #..............#
....# #..............#
....# #............<.#
....# #..............#


You could see a two-headed ogre.

Vanquished Creatures
  Josephine (D:10)
  A boulder beetle (D:10)
  2 hornets
  6 wraiths
  A vampire (D:10)
  18 yaks
  3 steam dragons
  A water moccasin (D:7)
  5 orc warriors
  3 ice beasts
  6 centaurs
  2 ogres (D:5)
  6 kobold brigands
  2 bullfrogs
  A scorpion (D:5)
  6 killer bees (D:9)
  An electric eel (D:8)
  7 howler monkeys
  8 hounds
  A jelly (D:4)
  An iguana (D:6)
  3 orc priests
  Crazy Yiuf (D:7)
  Jessica (D:2)
  6 orc wizards
  Robin (D:4)
  5 gnolls
  3 adders
  A white imp (D:6)
  3 worms
  2 dart slugs
  32 orcs
  11 ball pythons
  9 endoplasms
  6 giant cockroaches
  19 goblins
  10 hobgoblins
  7 quokkas
  6 bats
  5 frilled lizards
  26 kobolds
  16 rats
255 creatures vanquished.

Vanquished Creatures (others)
  4 plants (D:3)
4 creatures vanquished.

Grand Total: 259 creatures vanquished

Notes
Turn   | Place    | Note
-------+----------+-------------------------------------------
     0 | D:1      | boopmooplesden the Minotaur Fighter began the quest for the
                  | Orb.
     0 | D:1      | Reached XP level 1. HP: 19/19 MP: 0/0
   280 | D:1      | Reached XP level 2. HP: 26/27 MP: 1/1
   717 | D:1      | Reached XP level 3. HP: 33/33 MP: 2/2
  1253 | D:2      | Reached skill level 3 in Maces & Flails
  1370 | D:2      | Noticed Jessica
  1371 | D:2      | Killed Jessica
  1372 | D:2      | Reached XP level 4. HP: 41/41 MP: 3/3
  1419 | D:2      | Found a hazy altar of Hepliaklqana.
  1600 | D:2      | Noticed an eye of devastation
  1603 | D:2      | Identified the ring of Iwiyfing {*Slow rF+ Slay+3 SInv
                  | Stlth+}
  1605 | D:2      | Noticed an eye of devastation
  1611 | D:2      | Found a faded altar of an unknown god.
  1615 | D:2      | Noticed a great orb of eyes
  1615 | D:2      | Noticed a shining eye
  1835 | D:3      | Reached skill level 4 in Maces & Flails
  1938 | D:3      | Reached XP level 5. HP: 18/47 MP: 4/4
  2089 | D:3      | Found a stormy altar of Qazlal.
  2465 | D:4      | Noticed Robin
  2500 | D:4      | Killed Robin
  2501 | D:4      | Reached skill level 5 in Armour
  2509 | D:4      | Reached skill level 5 in Fighting
  2707 | D:4      | Found a radiant altar of Vehumet.
  2776 | D:4      | Found the +7 staff of the Meek {protect, meekguard}
  2779 | D:4      | Reached skill level 5 in Maces & Flails
  2779 | D:4      | Reached skill level 1 in Dodging
  2779 | D:4      | Reached XP level 6. HP: 56/56 MP: 5/5
  3134 | D:5      | Entered Level 5 of the Dungeon
  3204 | D:5      | You fall into a shaft and drop 2 floors!
  3204 | D:7      | Found Zin's Purification Station.
  3204 | D:7      | Found a glowing silver altar of Zin.
  3239 | D:7      | Identified the +7 long sword of Foolhardiness {speed, rPois
                  | Will- Int+4 Stlth+}
  3352 | D:6      | Found a shimmering altar of Xom.
  3357 | D:6      | Found a shimmering altar of Xom.
  3364 | D:6      | Found a shimmering altar of Xom.
  3365 | D:6      | Found a shimmering altar of Xom.
  3365 | D:6      | Found a shimmering altar of Xom.
  3366 | D:6      | Found a shimmering altar of Xom.
  3366 | D:6      | Found a shimmering altar of Xom.
  3497 | D:5      | Reached XP level 7. HP: 35/61 MP: 6/6
  3502 | D:5      | Reached skill level 6 in Maces & Flails
  3592 | D:5      | Reached skill level 5 in Shields
  3901 | D:5      | Found a staircase to the Ecumenical Temple.
  4178 | Temple   | Entered the Ecumenical Temple
  4233 | Temple   | Became a worshipper of Warmaster Okawaru
  4719 | D:6      | Reached XP level 8. HP: 61/70 MP: 7/7
  5242 | D:7      | Identified the +5 hammer of Odwumpo {flame, rF+ rC+}
  5250 | D:7      | Found a runed translucent door.
  5251 | D:7      | Noticed Crazy Yiuf
  5257 | D:7      | Killed Crazy Yiuf
  5349 | D:7      | Reached skill level 7 in Maces & Flails
  5426 | D:7      | Found a snail-covered altar of Cheibriados.
  5472 | D:7      | Reached * piety under Okawaru
  5559 | D:7      | Reached skill level 8 in Maces & Flails
  5559 | D:7      | Reached XP level 9. HP: 71/78 MP: 5/8
  5562 | D:7      | Reached ** piety under Okawaru
  5660 | D:7      | Found a burning altar of Makhleb.
  5818 | D:8      | Reached skill level 9 in Maces & Flails
  5875 | D:8      | Found an ornate altar of the Wu Jian Council.
  5943 | D:8      | Found Acworikh's Armour Shop.
  5944 | D:8      | Found Gipa Ozo's Distillery.
  6101 | D:8      | Reached *** piety under Okawaru
  6136 | D:8      | Reached skill level 1 in Stealth
  6481 | D:9      | Reached skill level 10 in Maces & Flails
  6481 | D:9      | Reached XP level 10. HP: 52/88 MP: 7/9
  6496 | D:9      | Reached **** piety under Okawaru
  6497 | D:9      | Reached skill level 1 in Invocations
  6588 | D:9      | Found a sparkling altar of Nemelex Xobeh.
  6647 | D:9      | Reached skill level 10 in Armour
  6774 | D:9      | Reached skill level 11 in Maces & Flails
  7158 | D:10     | Entered Level 10 of the Dungeon
  7158 | D:10     | Noticed Josephine
  7178 | D:9      | Reached ***** piety under Okawaru
  7402 | D:10     | Killed Josephine
  7404 | D:10     | Received a gift from Okawaru
  7594 | D:10     | Found a blossoming altar of Fedhas.
  7606 | D:10     | Noticed an oklob plant
  7684 | D:10     | Noticed a boulder beetle
  7705 | D:10     | Killed a boulder beetle
  7706 | D:10     | Reached XP level 11. HP: 83/97 MP: 11/11
  7736 | D:10     | Found a transporter.
  7756 | D:10     | Found a transporter.
  7757 | D:10     | Found a transporter.
  7828 | D:10     | Found a hazy altar of Hepliaklqana.
  7829 | D:10     | Found a faded altar of an unknown god.
  7929 | D:10     | Reached skill level 12 in Maces & Flails
  7966 | D:10     | Found a transporter.
  8135 | D:10     | Noticed a two-headed ogre
  8149 | D:10     | Annihilated by a two-headed ogre

Illustrated notes

Levels and vault maps discovered:
D:1:      giann_wishing_wells, layout_basic, minmay_misc_feat_chi,
          minmay_rat_gold_closets
D:2:      layout_loops_ring, hellmonk_ecumenical_altar_watching_god,
          basic_altar, uniq_jessica
D:3:      layout_rooms, grunt_qazlal_sundering, serial_bayou_lagoon_a
D:4:      layout_basic, fiery_altar_vehumet, pf_guarded_unrand_meek, uniq_robin
D:5:      layout_loops_corners, minmay_temple_entry_enclosed_plants,
          cheibrodos_gnoll_hut
D:6:      layout_cave_pods, xom_redecorated
D:7:      layout_rooms, mainiacjoe_overflow_catwalk, makhleb_heckhound_becter,
          zin_purify, uniq_crazy_yiuf_cottage
D:8:      layout_rooms, pdpol_wu_jian_five_deadly_venoms,
          minmay_misc_feat_columns, nicolae_wooded_promenade, hex_tiny
D:9:      layout_roguey, mainiacjoe_overflow_paths
D:10:     layout_roguey, tgw_fedhas, lemuel_mausoleum_altar_yredelemnul,
          beargit_hepliaklqana_dungeon_heroes, orc_0_dummy,
          biasface_ghost_orc_armoury, nicolae_diode_intersection, uniq_josephine
Temple:   minmay_temple_curvy_loop

Skill      XL: |  1  2  3  4  5  6  7  8  9 10 11 |
---------------+----------------------------------+-----
Fighting       | 4 5 6 8 9 |  9.1
Armour         | 4 5 6 7 8 9 11 | 11.3
Shields        | 4 5 6 8 9 |  9.9
Maces & Flails | 3 4 5 6 8 10 11 12 | 12.0
Dodging        | 1 2 3 4 |  4.2
Stealth        | 1 |  1.3
Invocations    | 1 |  1.5

Action                   |  1- 3 |  4- 6 |  7- 9 | 10-12 || total
-------------------------+-------+-------+-------+-------++-------
Melee: Flail             |    93 |   164 |    59 |       ||   316
       Headbutt          |    12 |    24 |    34 |    55 ||   125
       Mace              |       |       |   143 |   181 ||   324
Throw: Throwing net      |       |       |       |     1 ||     1
Invok: Heroism           |       |       |     4 |     5 ||     9
  Use: Scroll            |       |    11 |     5 |     3 ||    19
       Potion            |       |       |       |     1 ||     1
Armor: Scale mail        |    50 |    97 |       |       ||   147
       Chain mail        |       |    34 |    87 |    75 ||   196
Dodge: Dodged            |    39 |    95 |    58 |    71 ||   263
Block: Buckler           |    15 |    43 |       |       ||    58
       Kite shield       |       |    29 |   105 |   139 ||   273
